 Dungeon Crawl Stone Soup version 0.28-b1-1-g3c77fb2ed1 (webtiles) character file.

Game seed: 14306919664882406706

92 Syelyexplosive the Insei (level 4, -8/33 HPs)
             Began as a Demonspawn Transmuter on Jan 30, 2022.
             Mangled by an ogre (16 damage)
             ... on level 4 of the Dungeon.
             The game lasted 00:34:45 (5374 turns).

Syelyexplosive the Insei (Demonspawn Transmuter)    Turns: 5374, Time: 00:34:46

Health: -8/33      AC: 11    Str:  7    XL:     4   Next: 35%
Magic:  14/16      EV: 25    Int: 15    God:
Gold:   145        SH:  0    Dex: 13    Spells: 6/7 levels left

rFire   . . .      SeeInvis .   x - +1 whip (venom)
rCold   + . .      Faith    .   (no shield)
rNeg    . . .      Spirit   .   g - +0 ring mail
rPois   +          Reflect  .   (helmet currently unavailable)
rElec   .          Harm     .   (no cloak)
rCorr   .          Rampage  .   (no gloves)
Will    .....                   (boots currently unavailable)
Stlth   +.........              k - amulet of the acrobat
HPRegen 0.11/turn               c - ring "Siod Ufi" {rPois rC+ MP+9 Str-5 Slay+3}
MPRegen 0.15/turn               d - ring of flight

@: appendages, sanguine armoured, acrobatic, flying, very slightly contaminated
A: horns 2, talons 2, sanguine armour 1, demonic magic 1
a: End Transformation


You were on level 4 of the Dungeon.
You had temporarily grown beastly horns and talons.
You visited 1 branch of the dungeon, and saw 4 of its levels.

You collected 145 gold pieces.

Inventory:

Hand Weapons
 v - a +0 hand axe
 w - a +0 war axe
 x - a +1 whip of venom (weapon)
Missiles
 h - 31 sling bullets
 i - 18 arrows
 j - 50 stones
 l - 22 bolts
 m - 4 poisoned darts
Armour
 g - a +0 ring mail (worn)
Jewellery
 c - the ring "Siod Ufi" (left hand) {rPois rC+ MP+9 Str-5 Slay+3}
   (You found it on level 3 of the Dungeon)

   [ring of magical power]

   Str:       It affects your strength (-5).
   Slay:      It affects your accuracy & damage with ranged weapons and melee
   (+3).
   rC:        It protects you from cold.
   rPois:     It protects you from poison.
   MP:        It affects your magic capacity (+9).
 d - a ring of flight (right hand)
 k - an amulet of the acrobat (around neck)
Scrolls
 b - 5 scrolls of identify {unknown}
 f - a scroll of enchant armour {unknown}
 n - a scroll of vulnerability {unknown}
 p - a scroll of brand weapon {unknown}
 s - a scroll of fog {unknown}
Potions
 a - a potion of haste {unknown}
 e - a potion of flight
 o - a potion of brilliance {unknown}
 q - 3 potions of lignification {unknown}
 r - a potion of attraction {unknown}
 t - 2 potions of invisibility {unknown}
 u - a potion of mutation {unknown}


   Skills:
 + Level 1.7 Fighting
 + Level 0.9 Short Blades
 + Level 1.0 Axes
 + Level 0.9 Armour
 + Level 2.1 Dodging
 + Level 0.4 Stealth
 + Level 3.2 Unarmed Combat
 + Level 2.2 Spellcasting
 + Level 2.1 Transmutations


You had 6 spell levels left.
You knew the following spells:

 Your Spells              Type           Power      Damage    Failure   Level
a - Beastly Appendage     Tmut           16%        N/A       30%         1

Your spell library contained the following spells:

 Spells                   Type           Power      Damage    Failure   Level
 Wereblood                Tmut           8%         N/A       43%         2
 Spider Form              Tmut/Pois      4%         N/A       82%         3
 Summon Guardian Golem    Hex/Summ       1%         N/A       92%         3
 Ice Form                 Ice/Tmut       4%         N/A       99%         4
 Monstrous Menagerie      Summ           0%         N/A       100%        7


Dungeon Overview and Level Annotations

Branches:
Dungeon (3/15)

Altars:


Innate Abilities, Weirdness & Mutations

You have temporarily grown beastly horns and talons.
When seriously injured, your blood forms armour. (AC +6)
Spells you cast may paralyse adjacent enemies.


Message History

You barely miss the adder skeleton.
The adder skeleton is heavily damaged.
The adder skeleton misses you. The kobold closely misses you.
You hit the adder skeleton.
The adder skeleton is severely damaged.
The adder skeleton closely misses you. The kobold hits you with a +0 whip.
The adder skeleton bites you but does no damage.
You hit the adder skeleton.
You destroy the adder skeleton!
The kobold closely misses you.
Your Axes skill increases to level 1!
The kobold misses you. The kobold barely misses you.
You closely miss the kobold. The kobold barely misses you.
You hit the kobold.
You kill the kobold!
j - 50 stones (gained 2)
You see here a +0 whip.
You start resting.
HP restored.
You now have 145 gold pieces (gained 13).
An ogre comes into view. It is wielding a +0 giant spiked club.
You see here a scroll labelled LOLOTA VOVAR.
It was a potion of curing.
You feel better.
Casting: Beastly Appendage (safe; 30% risk of failure)
Press: ? - help, Q - select action, (/) - cycle Dir - look around, f - activate You miscast Beastly Appendage.
You are very lightly contaminated with residual magic.
Nothing appears to happen.
Casting: Beastly Appendage (safe; 30% risk of failure)
Press: ? - help, Q - select action, (/) - cycle Dir - look around, f - activate You grow a pair of large bovine horns.
Your feet morph into talons.
Malevolent energies surge around you.
The ogre hits you with a +0 giant spiked club!!
Ouch! That really hurt!
* * * LOW HITPOINT WARNING * * *
Your blood congeals into armour.
The ogre misses you.
The ogre hits you with a +0 giant spiked club!
You die...

...........#
#..#.#^.#.###
..........
#.#..#.##.###
#...).......#
#.#...###.#.#
# #....##.#
#.......#
#..@.####
#...O?.#
#......#
#.##......#
...........#
########.##.#
.# .# .# # ..


You could see an ogre.

Vanquished Creatures
  2 adders
  An adder skeleton (D:4)
  2 worms
  3 dart slugs
  An orc (D:3)
  4 ball pythons (D:1)
  9 endoplasms
  6 goblins
  7 hobgoblins
  A quokka (D:1)
  6 bats
  3 frilled lizards
  5 kobolds
  6 rats
56 creatures vanquished.

Vanquished Creatures (others)
  3 fungi (D:2)
  30 plants
33 creatures vanquished.

Grand Total: 89 creatures vanquished

Notes
Turn   | Place    | Note
-------+----------+-------------------------------------------
     0 | D:1      | Syelyexplosive the Demonspawn Transmuter began the quest
                  | for the Orb.
     0 | D:1      | Reached XP level 1. HP: 15/15 MP: 3/3
   358 | D:1      | Gained mutation: Spells you cast may paralyse adjacent
                  | enemies. [demonic ancestry]
   358 | D:1      | Reached XP level 2. HP: 4/21 MP: 5/5
   360 | D:1      | Reached skill level 3 in Unarmed Combat
  2378 | D:2      | Got the Handbook of Nocuous Summoning
  2432 | D:2      | Reached XP level 3. HP: 18/26 MP: 6/6
  3181 | D:2      | Found a faded altar of an unknown god.
  3975 | D:3      | Identified the ring "Siod Ufi" {rPois rC+ MP+9 Str-5
                  | Slay+3}
  4326 | D:3      | Gained mutation: When seriously injured, your blood forms
                  | armour. (AC +6) [demonic ancestry]
  4326 | D:3      | Reached XP level 4. HP: 32/32 MP: 7/7
  5261 | D:3      | You are sucked into a shaft and drop 1 floor!
  5278 | D:4      | Reached skill level 1 in Axes
  5365 | D:4      | Noticed an ogre
  5374 | D:4      | Mangled by an ogre

Illustrated notes

Levels and vault maps discovered:
D:1:      nzn_arrival_settlement, layout_loops_ring, st_stairs_4,
          serial_bayou_lagoon_a
D:2:      layout_loops_ring, shapermc_ecumenical_altar_mp_urbaneastern
D:3:      layout_basic
D:4:      layout_basic, minmay_temple_entry_mini_moons, serial_glass,
          glass_columns_c, glass_columns_a, uniq_sigmund

Skill      XL: |  1  2  3  4 |
---------------+-------------+-----
Transmutations | 2 |  2.1
Unarmed Combat | 3 |  3.2
Dodging        | 2 |  2.1
Axes           | 1 |  1.0
Fighting       | |  1.7
Short Blades   | |  0.9
Armour         | |  0.9
Stealth        | |  0.4
Spellcasting   | |  2.2

Action                   |  1- 3 |  4- 6 || total
-------------------------+-------+-------++-------
Melee: Dagger            |    23 |       ||    23
       Kick              |     3 |       ||     3
       Headbutt          |     3 |       ||     3
       Short sword       |   193 |       ||   193
       Punch             |     4 |     1 ||     5
       Hand axe          |    23 |       ||    23
       War axe           |     4 |     3 ||     7
       Whip              |       |    29 ||    29
Throw: Stone             |     1 |       ||     1
 Cast: Beastly Appendage |     4 |     1 ||     5
  Use: Potion            |     2 |     1 ||     3
 Stab: Paralysed         |     1 |       ||     1
Armor: Robe              |     4 |       ||     4
       Ring mail         |    79 |    12 ||    91
Dodge: Dodged            |   161 |    42 ||   203
